 Dungeon Crawl Stone Soup version 0.22-a0-271-gc000056 (webtiles) character file.

543 tidbits the Insei (level 7, 11/52 HPs)
             Began as a Gnoll Transmuter on Mar 11, 2018.
             Quit the game in an ossuary.
             The game lasted 00:09:02 (1039 turns).

tidbits the Insei (Gnoll Transmuter)                Turns: 1039, Time: 00:09:03

Health: 11/52      AC:  2    Str: 12    XL:     7   Next: 27%
Magic:  15/15      EV: 15    Int: 17    God:
Gold:   144        SH:  0    Dex: 16    Spells: 11/17 levels left

rFire    . . .     SeeInvis .   e - +0 dagger
rCold    + + .     Gourm    .   (no shield)
rNeg     . . .     Faith    .   b - +0 robe
rPois    +         Spirit   .   (no helmet)
rElec    +         Reflect  .   (no cloak)
rCorr    +         Harm     .   (no gloves)
MR       +....                  (no boots)
Stlth    ++........             (no amulet)
HPRegen  0.17/turn              o - ring of ice
MPRegen  0.14/turn              h - ring of protection from magic

@: resistant, very slightly contaminated, invisible
A: distributed training, fangs 1, strong nose
a: no special abilities


You were in an ossuary.
You were very hungry.

You visited 1 branch of the dungeon, and saw 7 of its levels.
You also visited: Ossuary.

You collected 144 gold pieces.

Inventory:

Hand Weapons
 e - a +0 dagger (weapon)
 f - a +0 dagger
Missiles
 a - 29 arrows
 c - 34 stones
 k - 6 javelins of penetration
 n - 6 javelins (quivered)
Armour
 b - a +0 robe (worn)
Jewellery
 h - a ring of protection from magic (right hand)
   (You found it on level 2 of the Dungeon)
 l - an uncursed ring of flight
   (You found it on level 2 of the Dungeon)
 o - a ring of ice (left hand)
   (You found it on level 4 of the Dungeon)
Scrolls
 g - a scroll of immolation
 r - 6 scrolls of remove curse
 s - a scroll of fog
 t - a scroll of enchant weapon {unknown}
Potions
 m - a potion of invisibility
 p - a potion of magic
 q - a potion of ambrosia
Comestibles
 d - 4 rations


   Skills:
 + Level 3.5 Fighting
 + Level 2.3 Short Blades
 + Level 2.3 Long Blades
 + Level 2.3 Axes
 + Level 2.3 Maces & Flails
 + Level 2.3 Polearms
 + Level 2.3 Staves
 + Level 2.3 Slings
 + Level 2.3 Bows
 + Level 2.3 Crossbows
 + Level 2.3 Throwing
 + Level 2.3 Armour
 + Level 5.1 Dodging
 + Level 2.3 Stealth
 + Level 2.3 Shields
 + Level 7.0 Unarmed Combat
 + Level 5.5 Spellcasting
 + Level 1.9 Conjurations
 + Level 1.9 Hexes
 + Level 1.9 Charms
 + Level 1.9 Summonings
 + Level 1.9 Necromancy
 + Level 1.9 Translocations
 + Level 4.2 Transmutations
 + Level 1.9 Fire Magic
 + Level 1.9 Ice Magic
 + Level 1.9 Air Magic
 + Level 1.9 Earth Magic
 + Level 1.9 Poison Magic
 + Level 2.5 Invocations
 + Level 2.3 Evocations


You had 11 spell levels left.
You knew the following spells:

 Your Spells              Type           Power        Failure   Level  Hunger
e - Beastly Appendage     Tmut           ###...       2%          1    None
k - Sticks to Snakes      Tmut           ###.....     3%          2    #......
p - Spider Form           Tmut/Pois      ###.......   11%         3    ##.....


Dungeon Overview and Level Annotations

Branches:
Dungeon (7/15)
 Temple: D:4-7

Altars:
Uskayaw


Innate Abilities, Weirdness & Mutations

Your experience applies equally to all skills.
You have very sharp teeth.
Your uncanny sense of smell can sniff out nearby items.


Message History

As you read the scroll of identify, it crumbles to dust.
q - a potion of ambrosia It was a potion of resistance.
You feel protected.
Unknown command.
Okay, then.
You fade into invisibility!
You are very lightly contaminated with residual magic.
Unknown command.
Casting: Spider Form (safe; 11% risk of failure)
Confirm with . or Enter, or press ? or * to list all spells.
You create a snake!
You now have 29 arrows.
The adder zombie bites your ball python.
The hound zombie bites you.
You catch the helpless hound zombie completely off-guard!
You puncture the hound zombie! You bite the hound zombie.
The hound zombie is severely damaged.
The adder zombie closely misses you.
The adder zombie bites your ball python.
Your ball python dies!
The hound zombie closely misses you.
You hit the hound zombie.
The hound zombie is severely damaged.
The hound zombie closely misses you. The adder zombie bites you.
You hit the elf zombie but do no damage.
You bite the elf zombie, but do no damage.
The hound zombie bites you but does no damage.
The elf zombie hits you.
The kobold zombie completely misses you.
The adder zombie closely misses you. The elf zombie hits you.
You completely miss the elf zombie. The hound zombie misses you.
The adder zombie barely misses you. The adder zombie misses you.
The elf zombie completely misses you. The kobold zombie barely misses you.
You hit the elf zombie but do no damage.
The elf zombie hits you! The adder zombie misses you. x2
You hit the elf zombie.
The elf zombie is lightly damaged.
The hound zombie misses you. The elf zombie barely misses you.
The kobold zombie hits you but does no damage.
The gnoll zombie completely misses you. The adder zombie closely misses you.
The elf zombie barely misses you.
You hit the elf zombie.
The elf zombie is lightly damaged.
You are feeling very hungry.
The hound zombie misses you. The elf zombie barely misses you.
The kobold zombie hits you. The adder zombie closely misses you.
The adder zombie barely misses you. The adder zombie completely misses you.
You catch the helpless elf zombie completely off-guard!
You puncture the elf zombie!
The elf zombie is moderately damaged.
The hound zombie completely misses you. The gnoll zombie misses you.
The elf zombie misses you. The hound zombie barely misses you.
The adder zombie misses you.
You hit the elf zombie but do no damage.
The elf zombie is moderately damaged.
The adder zombie closely misses you.
The kobold zombie hits you but does no damage.
The elf zombie barely misses you. The gnoll zombie misses you.
The hound zombie closely misses you. The elf zombie misses you.
The adder zombie closely misses you.
The adder zombie bites you but does no damage.
You hit the elf zombie.
The elf zombie is moderately damaged.
The adder zombie bites you.
The hound zombie bites you but does no damage.
The kobold zombie barely misses you. The elf zombie closely misses you.
The adder zombie misses you. The gnoll zombie hits you.
You hit the elf zombie.
The elf zombie is moderately damaged.
The adder zombie misses you. The elf zombie hits you!
* * * LOW HITPOINT WARNING * * *
The hound zombie bites you.
* * * LOW HITPOINT WARNING * * *
The adder zombie bites you.
* * * LOW HITPOINT WARNING * * *
The adder zombie barely misses you.
The kobold zombie hits you but does no damage.
You barely miss the elf zombie. You bite the elf zombie.
The elf zombie is moderately damaged.
The adder zombie closely misses you. The hound zombie misses you.
The gnoll zombie closely misses you. The elf zombie closely misses you.
The adder zombie closely misses you.
You catch the helpless hound zombie completely off-guard!
You puncture the hound zombie!
You destroy the hound zombie!
The adder zombie closely misses you. The kobold zombie misses you.
The gnoll zombie closely misses you. The adder zombie closely misses you.
The adder zombie misses you. The elf zombie hits you.
* * * LOW HITPOINT WARNING * * *
Okay, then.
You hit the adder zombie.
The adder zombie is lightly damaged.
The adder zombie misses you. The kobold zombie misses you.
The adder zombie barely misses you. The adder zombie completely misses you.
You catch the helpless adder zombie completely off-guard!
You puncture the adder zombie! Your punch misses the adder zombie.
The adder zombie is severely damaged.
The gnoll zombie barely misses you. The elf zombie hits you.
* * * LOW HITPOINT WARNING * * *
Are you sure you want to abandon this character and quit the game? (Confirm with "yes".)

...............
...............
...............
...............
.......Z...Z...
...............
......ZZZ......
......Z@.......
.....Z.ZZ......
...............
...............
...............
.......Z.......
...............
...............


You could see 3 adder zombies, a rat zombie (wandering), a gnoll zombie, a
kobold zombie, 2 big kobold zombies and 2 elf zombies.

Vanquished Creatures
  Grinder (D:3)
  An ice beast (D:5)
  A sky beast (D:6)
  2 iguanas
  Jessica (D:2)
  Natasha (D:2)
  A worker ant (D:4)
  A hound zombie (Ossuary)
  5 adders
  An ooze (D:1)
  2 worms
  A dart slug (D:3)
  2 leopard geckos
  2 orcs (D:3)
  5 giant cockroaches (D:2)
  6 goblins
  3 hobgoblins
  A ball python (D:2)
  8 bats
  A frilled lizard (D:2)
  4 kobolds
50 creatures vanquished.

Vanquished Creatures (collateral kills)
  A bat (D:2)
  A frilled lizard (D:2)
  A quokka skeleton (D:5)
3 creatures vanquished.

Grand Total: 53 creatures vanquished

Notes
Turn   | Place    | Note
-------+----------+-------------------------------------------
     0 | D:1      | tidbits the Gnoll Transmuter began the quest for the Orb.
     0 | D:1      | Reached XP level 1. HP: 17/17 MP: 6/6
    74 | D:2      | Reached XP level 2. HP: 19/23 MP: 7/7
    78 | D:2      | Learned a level 2 spell: Sticks to Snakes
   169 | D:2      | Noticed Jessica
   177 | D:2      | Killed Jessica
   177 | D:2      | Reached skill level 5 in Spellcasting
   177 | D:2      | Reached skill level 1 in Invocations
   177 | D:2      | Reached XP level 3. HP: 26/28 MP: 6/9
   184 | D:2      | Learned a level 3 spell: Spider Form
   293 | D:2      | Noticed Natasha
   308 | D:2      | Killed Natasha
   308 | D:2      | Reached skill level 1 in Short Blades
   308 | D:2      | Reached skill level 1 in Long Blades
   308 | D:2      | Reached skill level 1 in Axes
   308 | D:2      | Reached skill level 1 in Maces & Flails
   308 | D:2      | Reached skill level 1 in Polearms
   308 | D:2      | Reached skill level 1 in Staves
   308 | D:2      | Reached skill level 1 in Slings
   308 | D:2      | Reached skill level 1 in Bows
   308 | D:2      | Reached skill level 1 in Crossbows
   308 | D:2      | Reached skill level 1 in Throwing
   308 | D:2      | Reached skill level 1 in Armour
   308 | D:2      | Reached skill level 1 in Stealth
   308 | D:2      | Reached skill level 1 in Shields
   308 | D:2      | Reached skill level 1 in Evocations
   308 | D:2      | Reached XP level 4. HP: 20/34 MP: 11/11
   442 | D:1      | Reached skill level 1 in Conjurations
   442 | D:1      | Reached skill level 1 in Hexes
   442 | D:1      | Reached skill level 1 in Charms
   442 | D:1      | Reached skill level 1 in Summonings
   442 | D:1      | Reached skill level 1 in Necromancy
   442 | D:1      | Reached skill level 1 in Translocations
   442 | D:1      | Reached skill level 1 in Fire Magic
   442 | D:1      | Reached skill level 1 in Ice Magic
   442 | D:1      | Reached skill level 1 in Air Magic
   442 | D:1      | Reached skill level 1 in Earth Magic
   442 | D:1      | Reached skill level 1 in Poison Magic
   598 | D:3      | Noticed Grinder
   611 | D:3      | Killed Grinder
   611 | D:3      | Reached skill level 3 in Fighting
   611 | D:3      | Reached skill level 4 in Transmutations
   611 | D:3      | Reached skill level 2 in Invocations
   611 | D:3      | Reached XP level 5. HP: 33/41 MP: 4/12
   611 | D:3      | Reached XP level 6. HP: 38/47 MP: 4/13
   760 | D:5      | Entered Level 5 of the Dungeon
   826 | D:4      | Reached skill level 2 in Short Blades
   826 | D:4      | Reached skill level 2 in Long Blades
   826 | D:4      | Reached skill level 2 in Axes
   826 | D:4      | Reached skill level 2 in Maces & Flails
   826 | D:4      | Reached skill level 2 in Polearms
   826 | D:4      | Reached skill level 2 in Staves
   826 | D:4      | Reached skill level 2 in Slings
   826 | D:4      | Reached skill level 2 in Bows
   826 | D:4      | Reached skill level 2 in Crossbows
   826 | D:4      | Reached skill level 2 in Throwing
   826 | D:4      | Reached skill level 2 in Armour
   826 | D:4      | Reached skill level 5 in Dodging
   826 | D:4      | Reached skill level 2 in Stealth
   826 | D:4      | Reached skill level 2 in Shields
   826 | D:4      | Reached skill level 2 in Evocations
   916 | D:5      | Noticed an ice beast
   927 | D:5      | Killed an ice beast
   959 | D:6      | Noticed a sky beast
   961 | D:6      | Found a hide-covered altar of Uskayaw.
   972 | D:6      | Killed a sky beast
   972 | D:6      | Reached XP level 7. HP: 51/52 MP: 10/15
   982 | D:6      | Reached skill level 7 in Unarmed Combat
   996 | D:6      | Found a sand-covered staircase.
  1019 | Ossuary  | Entered an ossuary
  1039 | Ossuary  | Quit the game

Vault maps used:
D:1:      lightli_arrival_farm, minmay_rat_gold_closets
D:2:      minmay_door_path, minivault_14, uniq_natasha, uniq_jessica
D:3:      overflow_temple_1_default, first_ration, uniq_grinder
D:4:      minmay_temple_entry_trees, uniq_duvessa
D:5:      serial_shops, nicolae_shop_waterfront, kennysheep_generic_room_12
D:6:      eat_drink_and_be_merry_uskayaw, lightli_ossuary_entry_decrepit_ruins,
          kennysheep_generic_room_8
D:7:      lemuel_ratsnest
Ossuary:  ossuary_minmay_tomb_2a

Skill      XL: |  1  2  3  4  5  6  7 |
---------------+----------------------+-----
Spellcasting   | 5 |  5.5
Invocations    | 1 2 |  2.5
Short Blades   | 1 2 |  2.3
Long Blades    | 1 2 |  2.3
Axes           | 1 2 |  2.3
Maces & Flails | 1 2 |  2.3
Polearms       | 1 2 |  2.3
Staves         | 1 2 |  2.3
Slings         | 1 2 |  2.3
Bows           | 1 2 |  2.3
Crossbows      | 1 2 |  2.3
Throwing       | 1 2 |  2.3
Armour         | 1 2 |  2.3
Stealth        | 1 2 |  2.3
Shields        | 1 2 |  2.3
Evocations     | 1 2 |  2.3
Conjurations   | 1 |  1.9
Hexes          | 1 |  1.9
Charms         | 1 |  1.9
Summonings     | 1 |  1.9
Necromancy     | 1 |  1.9
Translocations | 1 |  1.9
Fire Magic     | 1 |  1.9
Ice Magic      | 1 |  1.9
Air Magic      | 1 |  1.9
Earth Magic    | 1 |  1.9
Poison Magic   | 1 |  1.9
Fighting       | 3 |  3.5
Transmutations | 4 |  4.2
Dodging        | 5 |  5.1
Unarmed Combat | 7 |  7.0

Action                   |  1- 3 |  4- 6 |  7- 9 || total
-------------------------+-------+-------+-------++-------
Melee: Unarmed           |    42 |    64 |     3 ||   109
       Headbutt          |     3 |       |       ||     3
       Bite              |     2 |     1 |     3 ||     6
       Kick              |     2 |       |       ||     2
       Dagger            |       |    13 |    15 ||    28
 Cast: Beastly Appendage |     5 |       |       ||     5
       Spider Form       |     3 |    14 |       ||    17
       Sticks to Snakes  |     1 |     8 |     1 ||    10
  Use: Potion            |     4 |     3 |     2 ||     9
       Scroll            |     1 |     6 |     1 ||     8
 Stab: Sleeping          |     1 |     4 |       ||     5
       Invisible         |       |       |     4 ||     4
  Eat: Chunk             |       |     1 |       ||     1
Armor: Robe              |     5 |       |     6 ||    11
       Skin              |       |     6 |       ||     6
Dodge: Dodged            |    31 |    68 |    53 ||   152

Table legend:
 A = Spawn XP
 B = Non-spawn XP
 C = Spawn XP percentage of total XP
 D = Spawn monster count
 E = Non-spawn monster count
 F = Spawn count percentage of total count
 G = Total turns spent on level
                    A         B        C        D         E        F      G
               +---------+---------+-------+---------+---------+-------+---------
         Total |       0 |     777 |   0.0 |       0 |      53 |   0.0 |  1039
               +---------+---------+-------+---------+---------+-------+---------
           D:1 |       0 |      23 |   0.0 |       0 |       9 |   0.0 |   121
           D:2 |       0 |     125 |   0.0 |       0 |      23 |   0.0 |   385
           D:3 |       0 |     247 |   0.0 |       0 |      12 |   0.0 |   230
           D:4 |       0 |      76 |   0.0 |       0 |       3 |   0.0 |   137
           D:5 |       0 |     113 |   0.0 |       0 |       2 |   0.0 |    72
           D:6 |       0 |     173 |   0.0 |       0 |       3 |   0.0 |    72
       Ossuary |       0 |      20 |   0.0 |       0 |       1 |   0.0 |    20
               +---------+---------+-------+---------+---------+-------+---------

Table legend:
 A = Turns spent in this place as a percentage of turns spent in the entire game.
 B = Non-inter-level travel turns spent in this place as a percentage of non-inter-level travel turns spent in the entire game.
 C = Inter-level travel turns spent in this place as a percentage of turns spent in this place.
 D = Turns resting spent in this place as a percentage of non-inter-level travel turns spent in this place.
 E = Turns spent auto-exploring this place as a percentage of non-inter-level travel turns spent in this place.
 F = Non-inter-level travel turns spent in this place divided by the number of levels of this place that you've seen.
                   A       B       C       D       E      F
               +-------+-------+-------+-------+-------+----------------------
         Total | 100.0 | 100.0 |   0.0 |   0.0 |   0.0 | 129.9
       Dungeon |  98.1 |  98.1 |   0.0 |   0.0 |   0.0 | 145.6
       Ossuary |   1.9 |   1.9 |   0.0 |   0.0 |   0.0 |  20.0
               +-------+-------+-------+-------+-------+----------------------

Table legend:
 A = Kills in this place as a percentage of kills in entire the game.
 B = Kills by you in this place as a percentage of kills by you in the entire game.
 C = Kills by friends in this place as a percentage of kills by friends in the entire game.
 D = Other kills in this place as a percentage of other kills in the entire game.
 E = Experience gained in this place as a percentage of experience gained in the entire game.
 F = Experience gained in this place divided by the number of levels of this place that you have seen.
                   A       B       C       D       E      F
               +-------+-------+-------+-------+-------+----------------------
         Total | 100.0 | 100.0 | 100.0 |   N/A | 100.0 |  97.1
       Dungeon |  98.1 |  98.0 | 100.0 |   N/A |  97.4 | 108.1
       Ossuary |   1.9 |   2.0 |   0.0 |   N/A |   2.6 |  20.0
               +-------+-------+-------+-------+-------+----------------------

Vault maps used:
D:1:      lightli_arrival_farm, minmay_rat_gold_closets
D:2:      minmay_door_path, minivault_14, uniq_natasha, uniq_jessica
D:3:      overflow_temple_1_default, first_ration, uniq_grinder
D:4:      minmay_temple_entry_trees, uniq_duvessa
D:5:      serial_shops, nicolae_shop_waterfront, kennysheep_generic_room_12
D:6:      eat_drink_and_be_merry_uskayaw, lightli_ossuary_entry_decrepit_ruins,
          kennysheep_generic_room_8
D:7:      lemuel_ratsnest
Ossuary:  ossuary_minmay_tomb_2a
